 Dungeon Crawl Stone Soup version 0.30.0-10-gfe55d96785 (webtiles) character file.

Game seed: 18061441922009048439

45128 RepoMan the Destroyer (level 14, -17/110 (114) HPs)
             Began as a Formicid Ice Elementalist on May 14, 2023.
             Was a High Priest of Vehumet.
             Demolished by a dire elephant (31 damage)
             ... on level 4 of the Lair of Beasts.
             The game lasted 01:57:22 (17661 turns).

RepoMan the Destroyer (Formicid Ice Elementalist)  Turns: 17661, Time: 01:57:22

HP:   -17/110 (114) AC:  8    Str: 13    XL:     14   Next: 69%
MP:   14/28         EV: 12    Int: 20    God:    Vehumet [*****.]
Gold: 703           SH:  6    Dex: 14    Spells: 1/34 levels left

rFire   + . .        B - +7 Throatcutter {drain, coup de grace}
rCold   + + .        h - +0 buckler
rNeg    . . .        W - +2 robe {rC+}
rPois   +            (helmet unavailable)
rElec   .            N - +0 cloak "Cuefuox" {rPois rF+ rC+}
rCorr   .            k - +0 pair of gloves
SInv    +            l - +1 pair of boots
Will    +++..        a - amulet of regeneration
Stlth   ++           u - ring of willpower
HPRegen 1.18/turn    v - ring of willpower
MPRegen 0.21/turn

%: no passive effects
@: very slightly contaminated, lightly drained
A: permanent stasis, dig shafts and tunnels, antennae 3, four strong arms
a: Dig, Shaft Self, Renounce Religion


You were on level 4 of the Lair of Beasts.
You worshipped Vehumet.
Vehumet was extremely pleased with you.
You visited 2 branches of the dungeon, and saw 16 of its levels.
You also visited: Ossuary.

You collected 1077 gold pieces.
You spent 374 gold pieces at shops.

Inventory:

Hand Weapons
 m - a +1 spectral quarterstaff
 x - a +2 morningstar of protection
 B - the +7 Throatcutter (weapon) {drain, coup de grace}
   (You found it on level 8 of the Dungeon)
 C - a +1 dagger of electrocution
 O - a +2 shortbow of freezing
Missiles
 g - 110 stones (quivered)
 G - 73 poisoned darts
 U - 3 throwing nets
Armour
 c - +0 acid dragon scales
 f - +2 swamp dragon scales
 h - a +0 buckler (worn)
 k - a +0 pair of gloves (worn)
 l - a +1 pair of boots (worn)
 o - a +0 troll leather armour
 N - the +0 cloak "Cuefuox" (worn) {rPois rF+ rC+}
   (You found it on level 6 of the Dungeon)

   rF:        It protects you from fire.
   rC:        It protects you from cold.
   rPois:     It protects you from poison.
 Q - a +0 kite shield
 S - the +0 cloak of Hugute {Drain rC++ Dex+2}
   (You bought it in a shop on level 10 of the Dungeon)

   Dex:       It affects your dexterity (+2).
   rC:        It greatly protects you from cold.
   Drain:     It drains your maximum health when unequipped.
 W - a +2 robe of cold resistance (worn)
Magical Staves
 p - a staff of air
Jewellery
 a - an amulet of regeneration (around neck)
 u - a ring of willpower (left hand)
 v - a ring of willpower (right hand)
 Y - a ring of magical power
Wands
 e - a wand of digging (4)
 n - a wand of iceblast (12)
 L - a wand of flame (16)
 T - a wand of charming (5)
Scrolls
 i - 3 scrolls of enchant weapon
 j - 7 scrolls of magic mapping
 q - 7 scrolls of amnesia
 t - 3 scrolls of vulnerability
 A - 5 scrolls of enchant armour
 D - 3 scrolls of fear {unknown}
 E - a scroll of acquirement {unknown}
 H - 4 scrolls of poison
 K - 7 scrolls of immolation
 R - 2 scrolls of brand weapon {unknown}
 V - 2 scrolls of silence {unknown}
 X - a scroll of fog {unknown}
Potions
 b - 2 potions of magic
 d - 4 potions of mutation
 r - 9 potions of curing
 s - 2 potions of lignification
 w - a potion of might
 z - a potion of flight {unknown}
 F - 3 potions of ambrosia
 I - 6 potions of brilliance
 M - 3 potions of cancellation
 P - 2 potions of invisibility {unknown}


   Skills:
 + Level 11.6 Fighting
 - Level 2.2 Armour
 - Level 2.2 Dodging
 - Level 3.3 Stealth
 + Level 9.0 Shields
 + Level 10.5 Spellcasting
 * Level 13.2 Conjurations
 - Level 2.2 Translocations
 - Level 4.4 Transmutations
 + Level 11.2 Ice Magic


You had one spell level left.
You knew the following spells:

 Your Spells              Type           Power      Damage    Failure   Level
b - Summon Ice Beast      Ice/Summ       32%        N/A       9%          4
d - Orb of Destruction    Conj           29%        9d9       9%          7
f - Freezing Cloud        Conj/Ice/Air   21%        6-21      2%          5
g - Apportation           Tloc           38%        N/A       3%          1
m - Iskenderun's Mystic   Conj/Tloc      41%        2d9       1%          4
o - Ozocubu's Armour      Ice            53%        N/A       1%          3
r - Frozen Ramparts       Ice            100%       1d16      1%          3
z - Freeze                Ice            100%       1d10      1%          1
X - Irradiate             Conj/Tmut      22%        3d19      1%          5

Your spell library contained the following spells:

 Spells                   Type           Power      Damage    Failure   Level
 Beastly Appendage        Tmut           56%        N/A       1%          1
 Magic Dart               Conj           100%       1d8       1%          1
 Shock                    Conj/Air       100%       1d9       1%          1
 Necrotise                Necr           40%        1d6       9%          1
 Summon Small Mammal      Summ           40%        N/A       9%          1
 Wereblood                Tmut           28%        N/A       1%          2
 Dazzling Flash           Conj/Hex       74%        N/A       1%          3
 Mephitic Cloud           Conj/Pois/Air  28%        N/A       1%          3
 Volatile Blastmotes      Fire/Tloc      28%        2d12      4%          3
 Lesser Beckoning         Tloc           38%        N/A       5%          2
 Gell's Gravitas          Tloc           19%        N/A       11%         3
 Spider Form              Tmut/Pois      19%        N/A       11%         3
 Teleport Other           Tloc           19%        N/A       11%         3
 Call Imp                 Summ           20%        N/A       13%         2
 Airstrike                Air            5%         2d(1-17)  21%         4
 Iron Shot                Conj/Erth      18%        9d4       21%         6
 Starburst                Conj/Fire      18%        6d7       21%         6
 Blade Hands              Tmut           14%        N/A       36%         5
 Animate Armour           Summ/Erth      20%        N/A       63%         4
 Swiftness                Air            Unusable   N/A       N/A         3

Dungeon Overview and Level Annotations

Branches:
Dungeon (11/15)            Temple (0/1) D:6            Lair (5/5) D:11
  Swamp (0/4) Lair:3        Snake (0/4) Lair:3        Slime (0/5) Lair:4
Ossuary (visited)
    Orc: D:9-12

Altars:
Ashenzari
Cheibriados
Dithmenos
Fedhas
Gozag
Kikubaaqudgha
Nemelex Xobeh
Qazlal
Sif Muna
Trog
Vehumet
Xom
Yredelemnul
Zin
Jiyva

Shops:
D:5 *   D:9 =*   D:10 :[[?

Annotations:
D:11 1 runed translucent door, Zlot's ghost, journeyman DsBr
Lair:4 1 runed translucent door


Innate Abilities, Weirdness & Mutations

You cannot be hasted, slowed, berserked, paralysed or teleported.
You can dig through walls and to a lower floor.
You have a pair of large antennae on your head. (SInv)
Your four strong arms can wield two-handed weapons with a shield.


Message History

Okay, then.
Okay, then.
Unknown command.
Unknown command.
Okay, then.
Unknown command.
Okay, then.
Okay, then.
Unknown command.
Press: ? - help, v - describe, . - travel
Here: a dire elephant (lightly wounded)
The floor, spattered with blood.
Press: ? - help, v - describe, . - travel
Here: a dire elephant (lightly wounded)
The floor, spattered with blood.
Okay, then.
Unknown command.
Press: ? - help, v - describe, . - travel
Here: a dire elephant (lightly wounded)
The floor, spattered with blood.
Unknown command.
Are you sure you want to shaft yourself?
The dire elephant tramples you!
* * * LOW HITPOINT WARNING * * *
You stumble backwards!
You stop digging.
Unknown command.
Casting: Iskenderun's Mystic Blast (mildly dangerous; 1% risk of failure)
Confirm with . or Enter, or press ? or * to list all spells.
You erupt in a blast of force!
The mystic blast hits the dire elephant!
The dire elephant is lightly wounded.
The dire elephant tramples you but does no damage.
The dire elephant trunk-slaps you!
* * * LOW HITPOINT WARNING * * *
Casting: Iskenderun's Mystic Blast (mildly dangerous; 1% risk of failure)
Confirm with . or Enter, or press ? or * to list all spells.
You miscast Iskenderun's Mystic Blast.
You are very lightly contaminated with residual magic.
Nothing appears to happen.
The dire elephant tramples you!!
You die...

##........................
##.......................
#....#.....P#..P.....### ###
##.....#.....#.........# #.#
##.............#......... ..#
#.#..#..................# ..##
##......................#
...########.......÷Y÷..........#.
#..#....###.....@Y.>...........##
#........###...#...÷............#
.#.#......##..###...............#
#......8...##.##...............#.
#.##........#.##...............##
####..#......####................
#####....8...###..#.........♣♣.
###............##.8.#...#....♣...
#..............#.....#.........♣.


You could see a dire elephant and a dream sheep.

Vanquished Creatures
  Gastronok (Lair:1)
  Josephine (D:11)
  Harold (D:11)
  2 ghost crabs (Lair:3)
  2 hydras
  A centaur warrior (D:10)
  2 two-headed ogres
  5 death yaks (Lair:4)
  A salamander (Lair:3)
  4 elephants (Lair:3)
  A cyclops (D:11)
  Joseph (D:7)
  A black mamba (Lair:2)
  A torpor snail (Lair:1)
  18 cane toads
  A gargoyle (D:10)
  7 komodo dragons
  Psyche (D:8)
  4 rime drakes
  9 kobold demonologists
  2 trolls
  4 polar bears
  Prince Ribbit (D:8)
  13 dream sheep
  4 blink frogs (D:11)
  A spectral elephant (Lair:3)
  3 slime creatures
  33 yaks
  2 shadows (D:11)
  A spriggan (Lair:4)
  A vampire (D:11)
  5 wraiths (D:11)
  4 wyverns
  2 basilisks
  A steam dragon (Lair:5)
  7 vampire mosquitoes
  4 acid dragons
  14 water moccasins
  Duvessa (D:7)
  A sky beast (D:7)
  2 black bears
  An orc warrior (D:9)
  2 ice beasts
  An ogre (D:5)
  30 wolves
  2 centaurs (D:7)
  A phantom (D:3)
  16 kobold brigands
  10 bullfrogs
  A gnoll sergeant (D:8)
  3 scorpions
  4 wights (D:8)
  Dowan (D:7)
  5 killer bees (D:9)
  3 howler monkeys
  4 crimson imps (D:4)
  3 lava snakes (Lair:3)
  5 hounds
  A jelly (D:6)
  A gnoll bouda (D:5)
  An orc priest (D:6)
  A sleepcap (D:4)
  Ijyb (D:3)
  7 hell rats
  4 orc wizards
  13 mummies (Ossuary)
  12 gnolls
  4 adders
  4 white imps
  3 ufetubi
  2 worms
  A dart slug (D:2)
  13 orcs
  6 endoplasms
  A giant cockroach (D:4)
  7 goblins
  7 hobgoblins
  11 jackals
  17 kobolds
  4 quokkas
  3 ball pythons
  7 bats
  A frilled lizard (D:1)
  3 gnoll skeletons (Ossuary)
  2 goblin skeletons (Ossuary)
  2 kobold skeletons (Ossuary)
  An orc skeleton (Ossuary)
  9 rats
  11 rat skeletons (Ossuary)
422 creatures vanquished.

Vanquished Creatures (others)
  Maggie (D:7)
1 creature vanquished.

Grand Total: 423 creatures vanquished

Notes
Turn   | Place    | Note
-------+----------+-------------------------------------------
     0 | D:1      | RepoMan the Formicid Ice Elementalist began the quest for
                  | the Orb.
     0 | D:1      | Reached XP level 1. HP: 13/13 MP: 3/3
   188 | D:1      | Reached XP level 2. HP: 14/19 MP: 0/5
   574 | D:1      | Reached XP level 3. HP: 24/24 MP: 3/6
   847 | D:1      | Reached skill level 5 in Ice Magic
  1098 | D:1      | Learned a level 3 spell: Frozen Ramparts
  1137 | D:2      | Reached skill level 1 in Shields
  1519 | D:2      | Reached XP level 4. HP: 29/30 MP: 0/7
  1647 | D:2      | Found a faded altar of an unknown god.
  1659 | D:2      | Prayed at the altar of an unknown god.
  1659 | D:2      | Became a worshipper of Vehumet
  1659 | D:2      | Reached * piety under Vehumet
  1659 | D:2      | Offered knowledge of Shock by Vehumet.
  1664 | D:2      | Learned a level 3 spell: Ozocubu's Armour
  2004 | D:3      | Found a sparkling altar of Nemelex Xobeh.
  2073 | D:3      | Found a shimmering blue altar of Sif Muna.
  2214 | D:3      | Noticed Ijyb
  2312 | D:3      | Noticed a phantom
  2312 | D:3      | Noticed a black bear
  2343 | D:3      | You fall into a shaft and drop 2 floors!
  2343 | D:5      | Entered Level 5 of the Dungeon
  2374 | D:5      | Reached XP level 5. HP: 29/35 MP: 0/8
  2730 | D:5      | Noticed an ogre
  2739 | D:5      | Killed an ogre
  2740 | D:5      | Reached XP level 6. HP: 41/41 MP: 5/9
  2775 | D:5      | Found Gozag's Platinum Reserve.
  2784 | D:5      | Reached ** piety under Vehumet
  2816 | D:5      | Found an opulent altar of Gozag.
  2864 | D:5      | Noticed an ice beast
  2905 | D:5      | Offered knowledge of Static Discharge by Vehumet.
  2915 | D:5      | Found an ancient bone altar of Kikubaaqudgha.
  3114 | D:4      | Learned a level 1 spell: Apportation
  3130 | D:4      | Found a shimmering altar of Xom.
  3134 | D:4      | Reached XP level 7. HP: 47/47 MP: 6/10
  3179 | D:4      | Reached skill level 1 in Fighting
  3820 | D:3      | Offered knowledge of Inner Flame by Vehumet.
  4594 | D:5      | Reached skill level 5 in Shields
  4677 | D:5      | Reached XP level 8. HP: 48/56 MP: 9/12
  5389 | D:6      | Reached *** piety under Vehumet
  5391 | D:6      | Found a staircase to the Ecumenical Temple.
  5615 | D:6      | Found a stormy altar of Qazlal.
  5624 | D:6      | Identified the +0 cloak "Cuefuox" {rPois rF+ rC+}
  6064 | D:7      | Found a sand-covered staircase.
  6068 | Ossuary  | Entered an ossuary
  6277 | Ossuary  | Offered knowledge of Iskenderun's Mystic Blast by Vehumet.
  6290 | Ossuary  | Learned a level 4 spell: Iskenderun's Mystic Blast
  6592 | D:7      | Found a basalt altar of Yredelemnul.
  6606 | D:7      | Reached XP level 9. HP: 63/64 MP: 11/14
  6689 | D:7      | Reached **** piety under Vehumet
  6693 | D:7      | Noticed Maggie
  6695 | D:7      | Noticed Joseph
  6713 | D:7      | Your ally Maggie died
  6727 | D:7      | Killed Joseph
  6866 | D:7      | Found a blossoming altar of Fedhas.
  7200 | D:7      | Noticed Dowan
  7208 | D:7      | Noticed Duvessa
  7224 | D:7      | Killed Duvessa
  7224 | D:7      | Offered knowledge of Irradiate by Vehumet.
  7228 | D:7      | Killed Dowan
  7248 | D:7      | Learned a level 5 spell: Irradiate
  7308 | D:7      | Reached skill level 5 in Fighting
  7350 | D:8      | Noticed Psyche
  7358 | D:8      | Reached skill level 1 in Conjurations
  7359 | D:8      | Killed Psyche
  7360 | D:8      | Reached skill level 5 in Spellcasting
  7360 | D:8      | Reached skill level 2 in Conjurations
  7396 | D:8      | Noticed Prince Ribbit
  7415 | D:8      | Killed Prince Ribbit
  7416 | D:8      | Reached skill level 3 in Conjurations
  7416 | D:8      | Reached XP level 10. HP: 75/75 MP: 11/17
  7456 | D:8      | Found the +7 Throatcutter {drain, coup de grace}
  7456 | D:8      | Noticed a kobold demonologist
  7456 | D:8      | Noticed a kobold demonologist
  7456 | D:8      | Noticed a kobold demonologist
  7456 | D:8      | Noticed a kobold demonologist
  7456 | D:8      | Noticed a kobold demonologist
  7456 | D:8      | Noticed a kobold demonologist
  7473 | D:8      | Noticed a rust devil
  7474 | D:8      | Noticed a soul eater
  7475 | D:8      | Noticed an orange demon
  7476 | D:8      | Noticed a smoke demon
  7477 | D:8      | Killed a kobold demonologist
  7478 | D:8      | Reached skill level 1 in Transmutations
  7480 | D:8      | Killed a kobold demonologist
  7481 | D:8      | Reached skill level 1 in Translocations
  7554 | D:7      | Reached skill level 4 in Conjurations
  7603 | D:7      | Killed a kobold demonologist
  7632 | D:7      | Killed a kobold demonologist
  7658 | D:8      | Noticed an ice devil
  7664 | D:8      | Killed a kobold demonologist
  7785 | D:8      | Killed a kobold demonologist
  7786 | D:8      | Reached skill level 5 in Conjurations
  7902 | D:8      | Noticed a kobold demonologist
  8097 | D:8      | Noticed a kobold demonologist
  8105 | D:8      | Killed a kobold demonologist
  8132 | D:8      | Found a snail-covered altar of Cheibriados.
  8146 | D:8      | Noticed a sixfirhy
  8149 | D:8      | Killed a kobold demonologist
  8150 | D:8      | Reached XP level 11. HP: 52/83 MP: 14/20
  8394 | D:9      | Found Jeopuh's Gadget Gallery.
  8491 | D:9      | Found a radiant altar of Vehumet.
  8782 | D:9      | Found Imiugh's Jewellery Shop.
  8787 | D:9      | Noticed a two-headed ogre
  8808 | D:10     | Entered Level 10 of the Dungeon
  8818 | D:10     | Found Culuaful's Antique Armour Shoppe.
  8886 | D:10     | Reached skill level 6 in Conjurations
  8889 | D:10     | Found Lile's Book Boutique.
  8893 | D:10     | Found a bloodstained altar of Trog.
  8987 | D:10     | Noticed a centaur warrior
  9004 | D:10     | Found Saaskor's Magic Scroll Boutique.
  9007 | D:10     | Bought a scroll of identify for 26 gold pieces
  9007 | D:10     | Bought a scroll of amnesia for 52 gold pieces
  9007 | D:10     | Bought a scroll of identify for 26 gold pieces
  9007 | D:10     | Bought a scroll of poison for 52 gold pieces
  9115 | D:10     | Found a glowing silver altar of Zin.
  9329 | D:10     | Found Cunkusha's Antique Armour Emporium.
  9335 | D:10     | Bought an ancient cloak for 218 gold pieces
  9335 | D:10     | Identified the +0 cloak of Hugute {Drain rC++ Dex+2} (You
                  | bought it in a shop on level 10 of the Dungeon)
  9580 | D:11     | Reached ***** piety under Vehumet
  9622 | D:11     | Offered knowledge of Orb of Destruction by Vehumet.
  9625 | D:11     | Reached skill level 10 in Ice Magic
  9634 | D:11     | Reached skill level 1 in Armour
  9683 | D:11     | Noticed a two-headed ogre
  9824 | D:10     | Learned a level 7 spell: Orb of Destruction
  9900 | D:11     | Found a runed translucent door.
  9905 | D:11     | Noticed Zlot's ghost (journeyman DsBr)
  9936 | D:11     | Noticed Josephine
 10096 | D:11     | Killed a two-headed ogre
 10185 | D:11     | Noticed Harold
 10195 | D:11     | Killed Harold
 10196 | D:11     | Reached skill level 7 in Conjurations
 10196 | D:11     | Reached XP level 12. HP: 92/95 MP: 8/22
 10724 | D:3      | Killed Ijyb
 10725 | D:3      | Found a broken altar of Ashenzari.
 11087 | D:9      | Killed a two-headed ogre
 11088 | D:9      | Reached skill level 8 in Conjurations
 11169 | D:9      | Found a shadowy altar of Dithmenos.
 11385 | D:10     | Killed a centaur warrior
 11474 | D:11     | Killed Josephine
 11563 | D:11     | Found a staircase to the Lair.
 11621 | Lair:1   | Entered Level 1 of the Lair of Beasts
 11857 | D:11     | Reached skill level 9 in Conjurations
 11907 | Lair:1   | Noticed Gastronok
 11926 | Lair:1   | Killed Gastronok
 12091 | Lair:1   | Reached skill level 10 in Fighting
 12091 | Lair:1   | Reached XP level 13. HP: 103/103 MP: 19/25
 12134 | Lair:1   | Reached skill level 10 in Conjurations
 13025 | Lair:2   | Offered knowledge of Eringya's Noxious Bog by Vehumet.
 13084 | Lair:2   | Noticed a seven-headed hydra
 13096 | Lair:2   | Killed a seven-headed hydra
 13321 | Lair:2   | Reached skill level 11 in Conjurations
 14073 | Lair:3   | Noticed a four-headed hydra
 14082 | Lair:3   | Killed a four-headed hydra
 14478 | Lair:3   | Found a staircase to the Snake Pit.
 14485 | Lair:3   | Learned a level 4 spell: Summon Ice Beast
 14804 | Lair:3   | Reached XP level 14. HP: 113/113 MP: 27/27
 14856 | Lair:3   | Found a staircase to the Swamp.
 14887 | Lair:3   | Reached skill level 12 in Conjurations
 15918 | Lair:4   | Reached skill level 10 in Spellcasting
 16518 | Lair:4   | Offered knowledge of Freezing Cloud by Vehumet.
 16525 | Lair:4   | Learned a level 5 spell: Freezing Cloud
 16618 | Lair:4   | Found a runed translucent door.
 16619 | Lair:4   | Found a viscous altar of Jiyva.
 16620 | Lair:4   | Noticed an acid blob
 16621 | Lair:4   | Found a staircase to the Slime Pits.
 17107 | Lair:4   | Reached skill level 13 in Conjurations
 17306 | Lair:5   | Entered Level 5 of the Lair of Beasts
 17308 | Lair:5   | Noticed a dire elephant
 17661 | Lair:4   | Demolished by a dire elephant

Illustrated notes

Levels and vault maps discovered:
D:1:      minmay_arrival_diagonal_passages, layout_basic,
          minmay_misc_feat_roman, minmay_tromino_v4_c
D:2:      layout_basic, dreamdust_ecumenical_altar_statues, grunt_decor_cap,
          minivault_4, nicolae_concentric_dashed_squares_mild
D:3:      layout_loops_ring, nicolae_ashenzari_skybound,
          nemelex_diamond_rough_becter, mainiacjoe_overflow_surrounded_room,
          lightli_corner_chamber, uniq_ijyb
D:4:      layout_basic, led_xom_imps, reono_crystal_passage
D:5:      layout_basic, kennysheep_mini_moat, nicolae_gozag_zags_fifth_avenue,
          chequers_serial_rivers_micro_d
D:6:      layout_basic, nicolae_qazlal_scattered_showers,
          minmay_temple_entry_butterflies, due_unseen_surprise
D:7:      layout_rooms, mainiacjoe_overflow_cross_hatched,
          mainiacjoe_overflow_alcove_1, enter_ossuary_5, due_unseen_surprise,
          uniq_duvessa, uniq_joseph, uniq_maggie
D:8:      layout_rooms, mainiacjoe_overflow_six_doors_small,
          dilly_guarded_unrand_throatcut, uniq_prince_ribbit1, uniq_psyche
D:9:      layout_basic, general_overflow_altar, nicolae_dithmenos_the_darkroom,
          serial_shops, shop, nicolae_shop_gadgets
D:10:     layout_basic, mainiacjoe_overflow_alcove_4, trog_ov_bears_minmay,
          serial_shops, shop, nicolae_square_shop,
          nicolae_shop_tiny_real_fake_doors, nicolae_square_shop,
          dreamdust_wishing_well
D:11:     layout_cave_pools, lair_entry_dummy, ebering_ghost_reflecting_pool,
          special_room [special_room_kobold], uniq_josephine, uniq_harold
Lair:1:   layout_misc_corridors, beast_lair_carwin_5, uniq_gastronok
Lair:2:   layout_loops_ring
Lair:3:   layout_regular_city, nicolae_swamp_entry_spooky,
          nicolae_snake_entry_warm_welcome, chequers_serial_rivers_micro_c,
          infiniplex_staircase_pool_2, serial_bayou_shore_b
Lair:4:   layout_gridlike, slime_entry_2, grunt_forest_stairs_clearing,
          serial_bayou_shore_b, grunt_megastairs_3
Lair:5:   minmay_lair_end_enchanted_forest, layout_layer_cave, minivault_25,
          fungi_pond_lemuel, guppyfry_lair_drakes

Skill      XL: |  1  2  3  4  5  6  7  8  9 10 11 12 13 14 |
---------------+-------------------------------------------+-----
Ice Magic      | 5 6 7 8 9 10 11 | 11.2
Shields        | 1 2 3 4 5 6 7 9 |  9.0
Fighting       | 2 3 5 6 9 10 11 | 11.6
Spellcasting   | 3 5 6 7 8 9 10 | 10.5
Conjurations   | 3 5 7 9 11 13 | 13.2
Transmutations | 3 4 |  4.4
Translocations | 2 |  2.2
Stealth        | 3 |  3.3
Armour         | 2 |  2.2
Dodging        | 2 |  2.2

Action                     |  1- 3 |  4- 6 |  7- 9 | 10-12 | 13-15 || total
---------------------------+-------+-------+-------+-------+-------++-------
  Melee: Unarmed           |     1 |       |       |       |       ||     1
         Dagger            |    22 |       |       |     4 |       ||    26
         Quarterstaff      |     6 |    32 |   132 |    26 |       ||   196
         Staff             |       |     2 |     1 |     4 |       ||     7
         Long sword        |       |       |       |   148 |   209 ||   357
         Morningstar       |       |       |       |       |     5 ||     5
   Fire: Shortbow          |       |       |       |       |     2 ||     2
  Throw: Stone             |     2 |     4 |    14 |     6 |     1 ||    27
         Throwing net      |       |     1 |       |     1 |       ||     2
         Dart              |       |       |     7 |     5 |       ||    12
   Cast: Freeze            |    35 |     8 |    15 |    14 |    11 ||    83
         Frozen Ramparts   |     1 |    14 |    29 |    55 |    56 ||   155
         Ozocubu's Armour  |       |       |    25 |    40 |    32 ||    97
         Iskenderun's Myst |       |       |       |     3 |     9 ||    12
         Irradiate         |       |       |       |    11 |     7 ||    18
         Summon Ice Beast  |       |       |       |       |     2 ||     2
         Orb of Destructio |       |       |       |       |    28 ||    28
         Freezing Cloud    |       |       |       |       |     2 ||     2
Ability: Dig               |       |       |     2 |     2 |     1 ||     5
         Shaft Self        |       |       |       |       |     1 ||     1
  Evoke: Wand              |       |     6 |    20 |    13 |     3 ||    42
    Use: Scroll            |       |       |    10 |     6 |     5 ||    21
         Potion            |       |       |     2 |     1 |     2 ||     5
   Stab: Sleeping          |     2 |     1 |     1 |     1 |     2 ||     7
         Distracted        |       |       |       |     1 |       ||     1
 Armour: Robe              |    12 |     4 |    31 |    54 |   109 ||   210
         Troll leather arm |       |       |       |    47 |       ||    47
         Acid dragon scale |       |       |       |     1 |       ||     1
  Dodge: Dodged            |    19 |    13 |    53 |   130 |   158 ||   373
  Block: Buckler           |       |     5 |    22 |    86 |    83 ||   196
